 Dungeon Crawl Stone Soup version 0.29.1-1-gd02db6906a (webtiles) character file.

Game seed: 11442839162666635584

470 Zeld the Chopper (level 6, -5/56 HPs)
             Began as a Minotaur Berserker on Oct 10, 2022.
             Was a Believer of Trog.
             Slain by a two-headed ogre
             ... wielding a +0 giant spiked club
              (23 damage)
             ... on level 5 of the Dungeon.
             The game lasted 00:03:02 (4929 turns).

Zeld the Chopper (Minotaur Berserker)               Turns: 4929, Time: 00:03:03

Health: -5/56      AC:  2    Str: 23    XL:     6   Next: 82%
Magic:  5/5        EV: 13    Int:  4    God:    Trog [**....]
Gold:   74         SH:  0    Dex: 10    Spells: 5/5 levels left

rFire   . . .      SeeInvis .   a - +0 hand axe
rCold   . . .      Faith    .   (no shield)
rNeg    . . .      Spirit   .   b - +0 animal skin
rPois   .          Reflect  .   (helmet restricted)
rElec   .          Harm     .   (no cloak)
rCorr   .          Rampage  .   (no gloves)
Will    .....                   (no boots)
Stlth   +.........              (no amulet)
HPRegen 0.18/turn               (no ring)
MPRegen 0.09/turn               (no ring)

@: lethally poisoned (-5 -> -28)
A: horns 2, retaliatory headbutt
a: Renounce Religion, Berserk, Trog's Hand


You were on level 5 of the Dungeon.
You worshipped Trog.
Trog was pleased with you.
You visited 1 branch of the dungeon, and saw 7 of its levels.

You collected 134 gold pieces.
You spent 60 gold pieces at shops.

Inventory:

Hand Weapons
 a - a +0 hand axe (weapon)
Missiles
 q - 8 poisoned darts (quivered)
 u - 2 atropa-tipped darts
Armour
 b - a +0 animal skin (worn)
Wands
 n - a wand of mindburst (15)
Scrolls
 c - 3 scrolls of noise {unknown}
 d - 4 scrolls of identify
 f - 2 scrolls of fear {unknown}
 h - 3 scrolls of teleportation {unknown}
 j - a scroll of brand weapon {unknown}
 k - a scroll of amnesia {unknown}
 r - a scroll of immolation {unknown}
 s - 2 scrolls of poison {unknown}
Potions
 e - a potion of haste {unknown}
 g - 2 potions of resistance {unknown}
 i - a potion of heal wounds {unknown}
 l - a potion of ambrosia {unknown}
 m - a potion of brilliance {unknown}
 o - a potion of mutation {unknown}
 p - a potion of berserk rage {unknown}
 t - a potion of attraction {unknown}


   Skills:
 + Level 5.2 Fighting
 * Level 6.5 Axes
 + Level 4.4 Armour
 + Level 4.1 Dodging


You had 5 spell levels left.
You didn't know any spells.
Your spell library was empty.

Dungeon Overview and Level Annotations

Branches:
Dungeon (7/15)
 Temple: D:4-7

Altars:
Dithmenos

Shops:
D:4 ?


Innate Abilities, Weirdness & Mutations

You have a pair of horns on your head.
You reflexively headbutt those who attack you in melee.


Message History

You open the door.
There is an open door here.
Found a dagger.
There is a stone staircase leading up here.
You climb upwards.
Found a scroll labelled INNAORUIJ.
There is a stone staircase leading down here.
h - 3 scrolls labelled INNAORUIJ (gained 1)
You hear a distant slurping noise.
A scorpion and a jelly come into view.
The scorpion moves out of view.
A jelly is nearby!
A jelly is nearby!
A jelly is nearby!
A black bear, a two-headed ogre and a scorpion come into view.
The two-headed ogre shouts in stereo!
The jelly quivers.
An ogre comes into view. It is wielding a +0 giant club.
An orc comes into view. It is wielding a +0 short sword.
Found a manual of Axes.
The orc shouts!
The black bear growls angrily.
You hear an angry hiss.
A water moccasin comes into view.
The water moccasin hisses angrily.
The scorpion stings you.
You are poisoned.
The scorpion poisons you!
You hit the scorpion but do no damage. You headbutt the scorpion.
The scorpion is lightly wounded.
You hit the jelly.
Your hands burn!
You hit the scorpion but do no damage.
You feel very sick. The scorpion barely misses you. You furiously retaliate!
You headbutt the scorpion! The scorpion stings you.
You are more poisoned.
The scorpion poisons you! The jelly closely misses you.
The jelly attacks as you move away! The jelly completely misses you.
You furiously retaliate!
You headbutt the jelly, but do no damage.
The two-headed ogre attacks as you move away!
The two-headed ogre hits you with a +0 giant spiked club!! x2
You die...

#. .. #.# #..##.##
#.# . .....# #.#
#####..###..######>#
##...##.............#
#:.....#.##..########
......h......#
......ss####.#
....oOJ@.....#
#..S..O#######
#...... .#.....
....... ####... #...
....


You could see a two-headed ogre, a water moccasin, a black bear, an ogre, 2
scorpions, a jelly and an orc.

Vanquished Creatures
  Pargi (D:3)
  An ice beast (D:7)
  2 hounds (D:6)
  A gnoll bouda (D:4)
  An iguana (D:3)
  4 gnolls (D:4)
  3 adders
  3 dart slugs
  3 orcs
  4 bats
  9 endoplasms
  A giant cockroach (D:2)
  14 goblins
  8 hobgoblins
  11 jackals (D:3)
  A quokka (D:2)
  6 ball pythons
  7 kobolds
  8 rats
88 creatures vanquished.

Vanquished Creatures (others)
  Robin (D:2)
1 creature vanquished.

Grand Total: 89 creatures vanquished

Notes
Turn   | Place    | Note
-------+----------+-------------------------------------------
     0 | D:1      | Zeld the Minotaur Berserker began the quest for the Orb.
     0 | D:1      | Reached XP level 1. HP: 19/19 MP: 0/0
   158 | D:1      | Reached XP level 2. HP: 27/27 MP: 1/1
   218 | D:1      | Reached skill level 4 in Axes
   561 | D:1      | Found a faded altar of an unknown god.
  1010 | D:2      | Reached XP level 3. HP: 22/33 MP: 2/2
  1311 | D:2      | Noticed Robin
  1335 | D:2      | Killed Robin
  1342 | D:2      | Reached ** piety under Trog
  2314 | D:3      | Reached XP level 4. HP: 39/40 MP: 3/3
  2516 | D:3      | Reached skill level 5 in Axes
  2517 | D:3      | Found a shadowy altar of Dithmenos.
  3163 | D:3      | Noticed Pargi
  3174 | D:3      | Killed Pargi
  3175 | D:3      | Reached XP level 5. HP: 31/47 MP: 4/4
  3868 | D:4      | Found Yqafet's Magic Scroll Shop.
  3883 | D:4      | Reached XP level 6. HP: 27/55 MP: 5/5
  3888 | D:4      | Reached skill level 6 in Axes
  4249 | D:4      | Bought a scroll of identify for 20 gold pieces
  4249 | D:4      | Bought a scroll of identify for 20 gold pieces
  4249 | D:4      | Bought a scroll of identify for 20 gold pieces
  4491 | D:4      | You fall into a shaft and drop 3 floors!
  4528 | D:7      | Noticed an ice beast
  4558 | D:7      | Killed an ice beast
  4559 | D:7      | Reached skill level 5 in Fighting
  4910 | D:5      | Entered Level 5 of the Dungeon
  4925 | D:5      | Noticed a two-headed ogre
  4927 | D:5      | Noticed a water moccasin
  4929 | D:5      | Slain by a two-headed ogre

Illustrated notes

Levels and vault maps discovered:
D:1:      lightli_arrival_statuegarden, layout_loops_ring,
          shapermc_ecumenical_altar_petra, nrook_campfire
D:2:      layout_basic, kennysheep_generic_room_8, uniq_robin
D:3:      layout_loops_ring, nicolae_dithmenos_shadow_blocks,
          kennysheep_cross_bottleneck, uniq_pargi
D:4:      layout_basic, serial_shops, nicolae_shop_competitors_out_of_business
D:5:      layout_loops_corners, nicolae_tso_swordbearing_angel,
          minmay_manual_moon
D:6:      layout_basic, nicolae_overflow_hidden_temple, chei_slow_surprise,
          minmay_temple_entry_slanted
D:7:      layout_basic, serial_shops, shop, nicolae_lakefront_shop, shop,
          uniq_maggie, uniq_menkaure

Skill      XL: |  1  2  3  4  5  6 |
---------------+-------------------+-----
Axes           | 4 5 6 |  6.5
Fighting       | 4 5 |  5.2
Armour         | 3 4 |  4.4
Dodging        | 3 4 |  4.1

Action                   |  1- 3 |  4- 6 || total
-------------------------+-------+-------++-------
Melee: Hand axe          |    78 |    97 ||   175
       Headbutt          |     8 |    13 ||    21
       Punch             |     1 |       ||     1
Invok: Berserk           |       |     4 ||     4
 Stab: Sleeping          |       |     1 ||     1
Armor: Animal skin       |    17 |    16 ||    33
Dodge: Dodged            |    45 |    79 ||   124
